 Dungeon Crawl Stone Soup version 0.26.0-10-g1f06aea511 (webtiles) character file.

Game seed: 13140161480371259131

37620 Borgoz the Carver (level 13, -4/116 HPs)
             Began as a Ghoul Gladiator on Jan 18, 2021.
             Was a High Priest of Okawaru.
             Slain by a death yak (21 damage)
             ... led by a torpor snail
             ... on level 3 of the Lair of Beasts.
             The game lasted 00:29:55 (20880 turns).

Borgoz the Carver (Ghoul Gladiator)                Turns: 20880, Time: 00:29:56

Health: -4/116     AC: 18    Str: 22    XL:     13   Next: 97%
Magic:  14/15      EV: 21    Int:  3    God:    Okawaru [*****.]
Gold:   744        SH:  0    Dex: 14    Spells: 7/12 levels left

rFire    + . .     SeeInvis .   b - +4 scimitar
rCold    + + .     Faith    +   (no shield)
rNeg     + + +     Spirit   .   y - +2 ring mail {rF+}
rPois    ∞         Reflect  .   c - +1 hat {Will+}
rElec    .         Harm     .   D - +0 cloak
rCorr    .         Rampage  .   x - +1 pair of gloves {Str+3}
Will     ++...                  z - +0 pair of boots
Stlth    ++........             p - amulet of faith
HPRegen  0.00/turn              s - ring of protection from cold
MPRegen  0.14/turn              e - ring of willpower

@: heroism, slowed, very slow
A: claws 1, cold resistance 1, negative energy resistance 3, inhibited
regeneration, torment resistance, unbreathing
a: Renounce Religion, Heroism, Finesse


You were on level 3 of the Lair of Beasts.
You worshipped Okawaru.
Okawaru was extremely pleased with you.
You visited 3 branches of the dungeon, and saw 17 of its levels.

You collected 975 gold pieces.
You spent 231 gold pieces at shops.

Inventory:

Hand Weapons
 a - a +1 great sword
 b - a +4 scimitar (weapon)
Missiles
 A - 3 throwing nets (quivered)
Armour
 c - a +1 hat of willpower (worn)
 x - a +1 pair of gloves of strength (worn)
 y - a +2 ring mail of fire resistance (worn)
 z - a +0 pair of boots (worn)
 D - a +0 cloak (worn)
Jewellery
 e - a ring of willpower (right hand)
 f - an uncursed ring of fire
 p - an amulet of faith (around neck)
 s - a ring of protection from cold (left hand)
Wands
 i - a wand of digging (2)
 u - a wand of paralysis (13)
 v - a wand of disintegration (21)
 w - a wand of acid (2)
 C - a wand of iceblast (20)
 F - a wand of flame (53)
Scrolls
 g - 2 scrolls of fear
 j - 3 scrolls of blinking
 m - 4 scrolls of magic mapping
 n - 2 scrolls of remove curse
 o - 3 scrolls of fog
 r - a scroll of enchant armour
 E - 2 scrolls of teleportation
Potions
 d - a potion of haste
 h - a potion of might
 k - a potion of cancellation
 l - 2 potions of flight
 t - 2 potions of resistance


   Skills:
 + Level 11.0(16.0) Fighting
 * Level 12.2(17.2) Long Blades
 - Level 1.7(6.7) Throwing
 * Level 11.9(16.9) Armour
 + Level 10.4(15.4) Dodging
 - Level 5.0 Invocations
 + Level 4.0 Evocations


You had 7 spell levels left.
You knew the following spells:

 Your Spells              Type           Power        Failure   Level
a - Blink                 Tloc           N/A          77%         2
b - Vampiric Draining     Necr           0%           94%         3

Your spell library contained the following spells:

 Spells                   Type           Power        Failure   Level
 Animate Skeleton         Necr           0%           63%         1
 Corona                   Hex            0%           63%         1
 Magic Dart               Conj           0%           63%         1
 Pain                     Necr           0%           63%         1
 Shock                    Conj/Air       0%           63%         1
 Call Imp                 Summ           0%           77%         2
 Ensorcelled Hibernation  Hex/Ice        0%           77%         2
 Slow                     Hex            0%           77%         2
 Swiftness                Air            0%           77%         2
 Confusing Touch          Hex            0%           94%         3
 Conjure Flame            Conj/Fire      0%           94%         3
 Dazzling Flash           Conj/Hex       0%           94%         3
 Ignite Poison            Fire/Tmut/Pois 0%           94%         3
 Mephitic Cloud           Conj/Pois/Air  0%           94%         3
 Static Discharge         Conj/Air       0%           94%         3
 Tukima's Dance           Hex            0%           94%         3
 Airstrike                Air            0%           100%        4
 Animate Dead             Necr           0%           100%        4
 Agony                    Necr           0%           100%        5
 Fireball                 Conj/Fire      0%           100%        5
 Lightning Bolt           Conj/Air       0%           100%        5
 Starburst                Conj/Fire      0%           100%        6
 Ignition                 Fire           0%           100%        8


Dungeon Overview and Level Annotations

Branches:
Dungeon (13/15)            Temple (1/1) D:4            Lair (3/6) D:11
    Orc (0/2) D:12
  Swamp: Lair:2-4    Shoals: Lair:2-4     Snake: Lair:2-4    Spider: Lair:2-4
 Vaults: D:13-14

Altars:
Ashenzari
Cheibriados
Dithmenos
Elyvilon
Fedhas
Gozag
Hepliaklqana
Kikubaaqudgha
Makhleb
Nemelex Xobeh
Okawaru
Qazlal
Ru
Sif Muna
Trog
Uskayaw
Vehumet
Wu Jian
Xom
Yredelemnul
Zin
The Shining One

Shops:
D:7 *   D:13 ?}

Annotations:
D:13 Azrael


Innate Abilities, Weirdness & Mutations

You thrive by killing the living.
You are immune to poison.
You have sharp fingernails.
Your flesh is cold resistant. (rC+)
You are immune to negative energy. (rN+++)
You do not regenerate when monsters are visible.
You are immune to unholy pain and torment.
You can survive without breathing.


Message History

You are too injured to fight recklessly!
You are too injured to fight recklessly!
You are too injured to fight recklessly!
You are too injured to fight recklessly!
You are too injured to fight recklessly!
You are too injured to fight recklessly!
You are too injured to fight recklessly!
You are too injured to fight recklessly!
You are too injured to fight recklessly!
You are too injured to fight recklessly!
You are too injured to fight recklessly!
You hit the torpor snail.
The torpor snail is severely wounded.
The death yak completely misses you. The torpor snail misses you.
The death yak gores you!!
* * * LOW HITPOINT WARNING * * *
You slash the torpor snail!
The torpor snail is almost dead.
The death yak gores you!!
You die...

# .##.......## ###
........... ##.. ..
........... #... ...
.......... #...
...###.........
##...
....P#.........
#....
......wYY......
##... #>.#@# ##..
#...## #.. ##...#
#.. ##..## #..
#...## #..
##....###### ##.
#.......[..########
#...........#P#.# #
#...............####


You could see 2 death yaks and a torpor snail.

Vanquished Creatures
  Snorg (D:12)
  Harold (D:11)
  A hydra (D:11)
  2 boulder beetles
  5 two-headed ogres
  A tengu warrior (D:12)
  A death knight (D:13)
  Sonja (D:12)
  2 unseen horrors
  A phantasmal warrior (D:12)
  An ugly thing (D:12)
  A deep elf mage (D:13)
  A cyclops (D:13)
  3 elephants (Lair:1)
  Maggie (D:6)
  Psyche (D:11)
  4 cane toads
  A centaur zombie (D:12)
  A gargoyle (D:13)
  4 komodo dragons
  2 freezing wraiths (D:13)
  A rime drake (Lair:3)
  5 trolls
  Prince Ribbit (D:6)
  10 blink frogs
  39 yaks
  3 water elementals (D:11)
  A shadow (D:13)
  2 wraiths
  3 basilisks (Lair:1)
  5 vampire mosquitoes (Lair:1)
  Edmund (D:4)
  A steam dragon (D:11)
  Menkaure (D:6)
  A hell hound (D:13)
  3 water moccasins
  An ice beast (D:9)
  An ice beast (shapeshifter) (D:13)
  2 black bears (D:6)
  2 necrophages
  7 orc warriors
  A sky beast (D:9)
  An eye of draining (D:11)
  18 wolves
  4 centaurs
  7 ogres
  3 big kobolds (D:10)
  16 bullfrogs
  A wyvern zombie (D:13)
  2 wyvern skeletons
  5 scorpions
  12 killer bees
  19 wights
  7 howler monkeys
  2 bullfrog zombies
  A bullfrog skeleton (D:5)
  28 hounds
  12 orc wizards
  6 orc priests
  Crazy Yiuf (D:7)
  5 centaur skeletons
  A jelly (D:5)
  3 iguanas
  Ijyb (D:3)
  9 worker ants
  2 hound skeletons (D:5)
  A hound zombie (D:6)
  A worker ant zombie (D:8)
  Robin (D:2)
  A howler monkey skeleton (D:4)
  5 gnolls
  12 adders
  2 white imps
  2 ufetubi
  An ooze (D:2)
  An adder skeleton (D:4)
  3 worms
  A dart slug (D:1)
  3 leopard geckos
  58 orcs
  4 giant cockroaches
  16 goblins
  8 hobgoblins
  6 jackals
  17 kobolds
  3 quokkas (D:3)
  2 ball pythons
  8 bats
  7 frilled lizards
  A jackal skeleton (D:4)
  A leopard gecko zombie (D:6)
  A quokka skeleton (D:6)
  4 rats
463 creatures vanquished.

Vanquished Creatures (others)
  2 orcs (D:6)
  13 fungi
  8 plants
23 creatures vanquished.

Grand Total: 486 creatures vanquished

Notes
Turn   | Place    | Note
-------+----------+-------------------------------------------
     0 | D:1      | Borgoz the Ghoul Gladiator began the quest for the Orb.
     0 | D:1      | Reached XP level 1. HP: 17/17 MP: 0/0
   310 | D:1      | Reached XP level 2. HP: 24/24 MP: 1/1
   579 | D:1      | Reached skill level 3 in Long Blades
   629 | D:1      | Reached skill level 1 in Armour
   867 | D:2      | Reached XP level 3. HP: 25/30 MP: 2/2
  1158 | D:2      | Noticed a +0 hand axe
  1159 | D:2      | Noticed a +0 dagger
  1191 | D:2      | Noticed Robin
  1203 | D:2      | Found a hide-covered altar of Uskayaw.
  1267 | D:2      | Reached XP level 4. HP: 37/37 MP: 3/3
  1278 | D:2      | Killed Robin
  1352 | D:2      | Found an ancient bone altar of Kikubaaqudgha.
  1471 | D:2      | Reached XP level 5. HP: 25/44 MP: 4/4
  2630 | D:3      | Reached skill level 5 in Fighting
  2630 | D:3      | Reached skill level 7 in Long Blades
  2630 | D:3      | Reached XP level 6. HP: 57/57 MP: 5/5
  2631 | D:3      | Reached skill level 8 in Long Blades
  2631 | D:3      | Reached XP level 7. HP: 67/67 MP: 6/6
  2971 | D:4      | Found a white marble altar of Elyvilon.
  2980 | D:4      | Noticed Edmund
  3020 | D:4      | Reached XP level 8. HP: 44/74 MP: 7/7
  3021 | D:4      | Killed Edmund
  3237 | D:4      | Found an opulent altar of Gozag.
  3375 | D:4      | Found a staircase to the Ecumenical Temple.
  3381 | Temple   | Entered the Ecumenical Temple
  3580 | Temple   | Became a worshipper of Warmaster Okawaru
  3739 | D:4      | Noticed Ijyb
  3798 | D:3      | Killed Ijyb
  4107 | D:5      | Entered Level 5 of the Dungeon
  4178 | D:5      | Reached * piety under Okawaru
  4330 | D:5      | Reached skill level 1 in Invocations
  4459 | D:5      | Found a sparkling altar of Nemelex Xobeh.
  4583 | D:5      | Reached XP level 9. HP: 73/81 MP: 8/8
  4701 | D:5      | Learned a level 2 spell: Blink
  4706 | D:5      | Learned a level 3 spell: Vampiric Draining
  5218 | D:6      | Noticed Maggie
  5240 | D:6      | Killed Maggie
  5240 | D:6      | Reached ** piety under Okawaru
  5473 | D:6      | Noticed Prince Ribbit
  5501 | D:6      | Killed Prince Ribbit
  5728 | D:6      | Reached *** piety under Okawaru
  5967 | D:6      | Reached **** piety under Okawaru
  6171 | D:6      | Received a gift from Okawaru
  6178 | D:6      | Noticed Menkaure
  6184 | D:6      | Killed Menkaure
  6185 | D:6      | Reached XP level 10. HP: 77/90 MP: 10/10
  6372 | D:6      | Reached skill level 9 in Long Blades
  6821 | D:5      | Found a sacrificial altar of Ru.
  6945 | D:7      | Found Doqoc's Assorted Antiques.
  6950 | D:7      | Bought a runed cabochon amulet for 165 gold pieces
  6950 | D:7      | Bought a scroll of identify for 66 gold pieces
  7799 | D:7      | Found a runed translucent door.
  7800 | D:7      | Noticed Crazy Yiuf
  8014 | D:7      | Killed Crazy Yiuf
  8526 | D:9      | Found a bloodstained altar of Trog.
  8612 | D:9      | Noticed a two-headed ogre
  8621 | D:9      | Killed a two-headed ogre
  8737 | D:9      | Found a broken altar of Ashenzari.
  8803 | D:9      | Reached ***** piety under Okawaru
  9449 | D:9      | HP: 2/90 [yak (5)]
  9842 | D:9      | Reached XP level 11. HP: 95/95 MP: 12/12
  9969 | D:9      | Killed an unseen horror
 10205 | D:10     | Entered Level 10 of the Dungeon
 10411 | D:10     | Noticed a two-headed ogre
 10419 | D:10     | Killed a two-headed ogre
 10799 | D:10     | Reached ****** piety under Okawaru
 11148 | D:10     | Noticed a two-headed ogre
 11153 | D:10     | Killed a two-headed ogre
 11153 | D:10     | Received a gift from Okawaru
 11197 | D:10     | Reached skill level 10 in Long Blades
 11644 | D:10     | Got a twisted dagger
 11645 | D:10     | Identified the +7 dagger of Necie {elec, rElec Will- Dex+6
                  | Stlth+} (You found it on level 10 of the Dungeon)
 11876 | D:11     | Noticed a two-headed ogre
 11885 | D:11     | Killed a two-headed ogre
 11956 | D:11     | Found a staircase to the Lair.
 11959 | D:11     | Noticed Psyche
 11981 | D:11     | Killed Psyche
 11990 | D:11     | Received a gift from Okawaru
 12088 | D:11     | Reached skill level 5 in Invocations
 12088 | D:11     | Reached XP level 12. HP: 105/105 MP: 14/14
 12121 | D:11     | Noticed Harold
 12136 | D:11     | Killed Harold
 12137 | D:11     | Reached skill level 10 in Armour
 12852 | D:11     | Noticed a six-headed hydra
 12871 | D:11     | Killed a six-headed hydra
 13210 | D:11     | Noticed a two-headed ogre
 13218 | D:11     | Killed a two-headed ogre
 13515 | D:12     | Reached skill level 10 in Fighting
 13620 | D:12     | Found a staircase to the Orcish Mines.
 13630 | D:12     | Noticed a boulder beetle
 13653 | D:12     | Killed a boulder beetle
 13654 | D:12     | Reached skill level 11 in Long Blades
 14061 | D:12     | Noticed Snorg
 14077 | D:12     | Killed Snorg
 14078 | D:12     | Reached skill level 1 in Evocations
 14624 | D:12     | Noticed Sonja
 14633 | D:12     | Received a gift from Okawaru
 14648 | D:12     | Killed Sonja
 15192 | D:13     | Found Cagidgh's Gadget Boutique.
 15202 | D:13     | Noticed a tengu warrior
 15422 | D:12     | Killed a tengu warrior
 15495 | D:13     | Reached XP level 13. HP: 79/113 MP: 13/15
 16333 | D:13     | Found Ykheps's Magic Scroll Boutique.
 16472 | D:13     | Noticed Azrael
 16990 | D:13     | Reached skill level 10 in Dodging
 17083 | Lair:1   | Entered Level 1 of the Lair of Beasts
 17093 | Lair:1   | Received a gift from Okawaru
 18478 | Lair:2   | HP: 5/114 [komodo dragon (16)]
 18480 | Lair:2   | HP: 1/114 [bullfrog (4)]
 18485 | Lair:2   | HP: 5/114 [blink frog (13)]
 19298 | Lair:2   | Reached skill level 12 in Long Blades
 19678 | Lair:2   | Received a gift from Okawaru
 20880 | Lair:3   | Slain by a death yak

Illustrated notes

Levels and vault maps discovered:
D:1:      shiori_arrival_maze, layout_basic, serial_forest,
          infiniplex_forest_fountain, infiniplex_forest_lined_2,
          infiniplex_forest_straight_2, infiniplex_forest_clump_tiny,
          infiniplex_forest_lined_room_2, minmay_pentomino_u2
D:2:      layout_basic, nicolae_overflow_crystal_walls, dancing_weapons_uskayaw,
          minmay_misc_feat_more_columns, patterned_corridor, uniq_robin
D:3:      layout_loops_ring
D:4:      layout_basic, elyvilon_altar_5,
          nicolae_gozag_cash_rules_everything_around_me, temple_green,
          minmay_manual_monstrance, uniq_edmund, uniq_ijyb
D:5:      layout_rooms, nicolae_overflow_hidden_temple, marbit_many_paths,
          hangedman_decor_riveting, kennysheep_decorative_pillar,
          hangedman_decor_growths
D:6:      layout_layer_cave, st_stairs_1, lemuel_old_faithful,
          uniq_prince_ribbit1, uniq_menkaure, uniq_maggie
D:7:      layout_loops_ring, serial_shops, nicolae_shop_trees,
          skrybe_limestone_x, dk_rats_in_the_wall, uniq_crazy_yiuf_cottage
D:8:      layout_rooms, chequers_serial_rivers_micro_d
D:9:      layout_basic, lemuel_coloured_pillars_altar, bloody_trog
D:10:     layout_roguey
D:11:     layout_long_grid, erik_lair_island, chequers_serial_rivers_room_b,
          uniq_harold, uniq_psyche
D:12:     layout_grid_maze, orc_0_dummy, uniq_snorg, uniq_sonja
D:13:     layout_roguey, david_vaults_4, serial_shops, kennysheep_mini_moat,
          shop, basic_altar, uniq_azrael
Temple:   regret_index_temple_generic_petals
Lair:1:   beast_lair_carwin_large_4, layout_chaotic_city, pond
Lair:2:   layout_regular_city
Lair:3:   layout_cave_pods

Skill      XL: |  1  2  3  4  5  6  7  8  9 10 11 12 13 |
---------------+----------------------------------------+-----
Long Blades    | 3 7 8 9 10 11 12 | 12.2
Armour         | 1 2 6 7 8 9 10 11 | 11.9
Dodging        | 3 6 7 8 9 10 | 10.4
Fighting       | 5 7 8 9 10 11 | 11.0
Invocations    | 1 2 3 5 |  5.0
Evocations     | 2 4 |  4.0
Throwing       | |  1.7

Action                   |  1- 3 |  4- 6 |  7- 9 | 10-12 | 13-15 || total
-------------------------+-------+-------+-------+-------+-------++-------
Melee: Long sword        |   109 |   111 |   435 |   392 |       ||  1047
       Punch             |       |       |       |     7 |    10 ||    17
       Scimitar          |       |       |       |   305 |   506 ||   811
       Dagger            |       |       |       |    40 |       ||    40
Throw: Throwing net      |       |       |     6 |     1 |       ||     7
Invok: Heroism           |       |       |       |    11 |    14 ||    25
       Finesse           |       |       |       |     1 |       ||     1
Evoke: Wand              |       |       |       |    26 |       ||    26
  Use: Scroll            |     1 |     5 |     6 |     9 |     4 ||    25
       Potion            |     1 |     3 |     7 |     4 |     1 ||    16
 Stab: Held in net/web   |       |       |     2 |       |       ||     2
       Paralysed         |       |       |       |     7 |       ||     7
       Distracted        |       |       |       |     1 |       ||     1
Armor: Leather armour    |    23 |       |   112 |       |       ||   135
       Ring mail         |    36 |    38 |    28 |       |   100 ||   202
       Steam dragon scal |       |       |    32 |   264 |    36 ||   332
Dodge: Dodged            |   101 |    75 |   335 |   705 |   438 ||  1654
       Rpst.: Long sword |    30 |    21 |    93 |    82 |       ||   226
       Scimitar          |       |       |       |    73 |   139 ||   212
